 Dungeon Crawl Stone Soup version 0.30-a0-743-gbfdf073431 (webtiles) character file.

Game seed: 235101033034102861

100 LennaLeFay the Chopper (level 4, 41/41 HPs)
             Began as a Minotaur Berserker on Jan 11, 2022.
             Was a Believer of Trog.
             Quit the game on level 4 of the Dungeon on Feb 6, 2023.
             The game lasted 00:04:50 (2405 turns).

LennaLeFay the Chopper (Minotaur Berserker)         Turns: 2405, Time: 00:04:51

Health: 41/41      AC:  2    Str: 23    XL:     4   Next: 46%
Magic:  3/3        EV: 12    Int:  4    God:    Trog [**....]
Gold:   79         SH:  0    Dex: 10    Spells: 3/3 levels left

rFire   . . .      SeeInvis .    a - +0 hand axe
rCold   . . .      Faith    .    (no shield)
rNeg    . . .      Spirit   .    b - +0 animal skin
rPois   .          Reflect  .    (helmet restricted)
rElec   .          Harm     .    (no cloak)
rCorr   .          Rampage  .    (no gloves)
Will    .....                    (no boots)
Stlth   +                        (no amulet)
HPRegen 0.26/turn                (no ring)
MPRegen 0.08/turn                (no ring)

@: no status effects
A: horns 2, retaliatory headbutt
a: Renounce Religion, Berserk, Trog's Hand


You were on level 4 of the Dungeon.
You worshipped Trog.
Trog was pleased with you.
You visited 1 branch of the dungeon, and saw 3 of its levels.

You collected 79 gold pieces.

Inventory:

Hand Weapons
 a - a +0 hand axe (weapon)
Armour
 b - a +0 animal skin (worn)
Scrolls
 c - a scroll of vulnerability {unknown}
 e - a scroll of identify {unknown}
Potions
 d - a potion of curing {unknown}


   Skills:
 + Level 4.5 Fighting
 + Level 5.0 Axes
 + Level 2.9 Armour
 + Level 2.7 Dodging
 + Level 0.7 Stealth


You had 3 spell levels left.
You didn't know any spells.
Your spell library was empty.

Dungeon Overview and Level Annotations

Branches:
Dungeon (4/15)
 Temple: D:4-7

Altars:

Shops:
D:1 :


Innate Abilities, Weirdness & Mutations

You have a pair of horns on your head.
You reflexively headbutt those who attack you in melee.


Message History

You kill the dart slug!
Trog accepts your kill.
No target in view!
No target in view!
No target in view!
No target in view!
e - a scroll labelled MULAWK JAMME No target in view!
You now have 56 gold pieces (gained 12).
You now have 66 gold pieces (gained 10).
Found a hand axe.
No target in view!
A quokka comes into view.
You see here a +0 hand axe.
A quokka is nearby!
The quokka bites you.
A quokka is nearby!
You closely miss the quokka. The quokka closely misses you. x2
A quokka is nearby!
You hit the quokka. Your punch misses the quokka.
The quokka is severely wounded.
The quokka barely misses you.
You hit the quokka.
You kill the quokka!
Trog accepts your kill.
No target in view!
No target in view!
No target in view!
Search for what [? for help]? ..
You swing at nothing.
Search for what [Enter for "..", or ? for help]? .
Found a leather armour.
Found a stone staircase leading down.
Found 11 poisoned darts.
Found 13 gold pieces.
You now have 79 gold pieces (gained 13).
Found a falchion.
Welcome back, LennaLeFay the Minotaur Berserker.
Trog says: Kill them all!
Press ? for a list of commands and other information.
Are you sure you want to abandon this character and quit the game? (Confirm with "yes".)

..# .#.# ..# #.#.#
..#######.#.######
.............. ..#
............# #.#
............# #.#
#...........# #.#
#...........# #.#
#...........####@#
#########........#
#.######## ###


There were no monsters in sight!

Vanquished Creatures
  A centaur skeleton (D:2)
  An adder (D:2)
  2 dart slugs
  A bat (D:1)
  7 endoplasms
  5 goblins
  7 hobgoblins
  4 jackals (D:1)
  5 kobolds
  6 quokkas
  3 ball pythons
  5 frilled lizards
  6 rats
53 creatures vanquished.

Vanquished Creatures (others)
  A plant (D:1)
1 creature vanquished.

Grand Total: 54 creatures vanquished

Notes
Turn   | Place    | Note
-------+----------+-------------------------------------------
     0 | D:1      | LennaLeFay the Minotaur Berserker began the quest for the
                  | Orb.
     0 | D:1      | Reached XP level 1. HP: 19/19 MP: 0/0
   179 | D:1      | Found Cicsyujo's Book Emporium.
   201 | D:1      | Reached XP level 2. HP: 23/27 MP: 1/1
   309 | D:1      | Reached skill level 4 in Axes
   883 | D:1      | Reached XP level 3. HP: 33/33 MP: 2/2
   883 | D:1      | Reached ** piety under Trog
  1726 | D:2      | Reached XP level 4. HP: 27/41 MP: 3/3
  2145 | D:2      | You fall into a shaft and drop 2 floors!
  2178 | D:4      | Reached skill level 5 in Axes
  2405 | D:4      | Upgraded the game from 0.28-a0-1447-ga5a8893891 to
                  | 0.30-a0-743-gbfdf073431
  2405 | D:4      | Quit the game

Illustrated notes

Levels and vault maps discovered:
D:1:      kennysheep_arrival_seaside, layout_basic, serial_shops, shop,
          chequers_serial_rivers_micro_a
D:2:      layout_loops_ring, minmay_quantized
D:4:      layout_basic, minmay_manual_moon

Skill      XL: |  1  2  3  4 |
---------------+-------------+-----
Fighting       | 4 |  4.5
Axes           | 4 5 |  5.0
Armour         | |  2.9
Dodging        | |  2.7
Stealth        | |  0.7

Action                     |  1- 3 |  4- 6 || total
---------------------------+-------+-------++-------
  Melee: Hand axe          |    92 |    33 ||   125
         Headbutt          |    13 |     2 ||    15
         Punch             |     2 |       ||     2
   Stab: Sleeping          |     1 |     1 ||     2
 Armour: Animal skin       |    15 |     4 ||    19
  Dodge: Dodged            |    52 |    20 ||    72

Table legend: (Time is in decaauts)
 A = Elapsed time spent in this place.
 B = Non-inter-level travel time spent in this place.
 C = Inter-level travel time spent in this place.
 D = Time resting spent in this place.
 E = Time spent auto-exploring this place.
 F = Levels seen in this place.
 G = Mean time per level.
                   A        B        C        D        E       F      G
               +--------+--------+--------+--------+--------+-----+--------+
         Total |   2419 |   2295 |    124 |      0 |   1960 |   3 |  806.3 |
       Dungeon |   2419 |   2295 |    124 |      0 |   1960 |   3 |  806.3 |
               +--------+--------+--------+--------+--------+-----+--------+

Top non-repeatable levels by time:
     D:1: 1721 daAuts
     D:2: 437 daAuts
     D:4: 260 daAuts
